Map: Fear and Faith LE

Players

clauknot - Winner!

  • Race: Zerg Zerg
  • League: Platinum

elTipo

  • Race: Terran Terran
  • League: Platinum

VOD

Have the link to the VOD?

Description

Time

  • Played on: Aug. 6, 2026, 7:37 p.m.
  • Length: 10:12
Show
View Real Time Build Order
Export as new Build Order

clauknot Zerg - Winner!

Build Orders: Hatch First, Lurkers 

Get SALT Encoding   

  8  0:00  Drone  
  9  0:12  Drone  
  10  0:17  Drone  
  11  0:22  Drone  
  12  0:32  Extractor, Drone  
  13  0:39  Overlord  
  13  0:58  Drone x2  
  13  1:02  Drone  
  16  1:12  Drone  
  17  1:24  Hatchery  
  16  1:27  Drone  
  16  1:32  Drone  
  18  1:36  Extractor  
  17  1:45  Spawning Pool  
  17  1:46  Drone  
  17  1:52  Drone  
  18  2:01  Drone  
  19  2:12  Overlord  
  19  2:28  Drone  
  20  2:32  Queen  
  20  2:33  Zergling x2  
  20  2:36  Queen  
  23  2:38  Zergling x2  
  23  2:43  Drone  
  27  2:45  Metabolic Boost  
  27  2:48  Overlord  
  27  2:59  Drone x2  
  29  3:14  Queen  
  29  3:17  Drone x3  
  34  3:26  Lair  
  34  3:30  Drone x2  
  36  3:39  Overlord, Drone x2  
  38  3:58  Overlord  
  38  3:59  Drone x4  
  38  4:00  Drone  
  43  4:02  Extractor  
  41  4:20  Drone x2, Overlord  
  43  4:29  Evolution Chamber  
  43  4:30  Spine Crawler  
  41  4:32  Hydralisk Den  
  41  4:35  Spore Crawler  
  39  4:39  Drone x3  
  39  4:43  Extractor, Zergling x2  
  39  4:44  Zergling x4  
  44  4:53  Drone x3, Overlord  
  44  4:54  Drone  
  48  5:08  Lurker Den  
  48  5:09  Spore Crawler  
  44  5:17  Hydralisk x4  
  52  5:30  Queen  
  52  5:31  Spine Crawler  
  53  5:44  Spine Crawler  
  53  5:45  Drone x3, Overlord  
  55  5:55  Zerg Missile Weapons Level 1  
  55  6:07  Lurker  
  55  6:08  Lurker  
  55  6:09  Lurker  
  58  6:14  Extractor  
  57  6:18  Drone  
  57  6:19  Drone x3, Overlord x2  
  57  6:20  Drone  
  57  6:25  Overseer  
  62  6:27  Zergling x6, Hatchery  
  64  6:33  Drone  
  64  6:34  Drone x2  
  67  6:44  Spine Crawler, Drone  
  67  6:46  Drone  
  68  6:47  Drone x4  
  68  6:49  Spore Crawler, Muscular Augments  
  68  7:11  Hydralisk x2, Zergling x4  
  68  7:12  Zergling x4  
  74  7:17  Lurker  
  75  7:30  Zergling x12  
  81  7:42  Zergling x6  
  84  7:49  Queen  
  71  8:23  Hydralisk x5, Zergling x12  
  71  8:24  Zergling x6, Overlord  
  90  8:39  Zergling x10  
  90  8:40  Drone  
  93  8:44  Spire  
  92  8:54  Spore Crawler  
  91  9:10  Spore Crawler  
  91  9:11  Drone x6  
  91  9:12  Spine Crawler  
  91  9:13  Extractor  
  91  9:14  Extractor  
  93  9:26  Hatchery  
  92  9:37  Zergling x2  
  92  9:38  Zergling x6, Drone x2  
  96  9:39  Drone x2, Zergling x4  
Show
View Real Time Build Order
Export as new Build Order

elTipo Terran 

Build Orders:  

Get SALT Encoding   

  8  0:01  SCV  
  9  0:13  SCV  
  10  0:25  Supply Depot  
  10  0:28  SCV  
  11  0:49  Barracks  
  11  1:03  SCV  
  12  1:04  Supply Depot  
  12  1:15  SCV  
  14  1:36  Orbital Command, Marine  
  14  1:58  Command Center  
  14  2:03  SCV  
  15  2:11  Refinery  
  15  2:12  Marine  
  16  2:21  SCV  
  17  2:27  Barracks  
  17  2:35  SCV  
  18  2:39  Marine  
  19  2:48  SCV  
  20  2:53  Supply Depot  
  20  2:58  Refinery  
  20  3:00  Marine, SCV  
  22  3:09  Orbital Command  
  22  3:13  SCV  
  22  3:16  Barracks Reactor  
  23  3:27  Barracks Tech Lab  
  23  3:30  Barracks  
  23  3:32  SCV  
  24  3:35  SCV  
  25  3:47  Supply Depot  
  25  3:49  SCV x2  
  25  3:50  Marine  
  25  3:53  Combat Shield  
  28  3:58  Marine  
  28  3:59  Marine  
  30  4:12  Marine  
  31  4:18  Barracks Reactor  
  31  4:20  Barracks  
  31  4:21  Orbital Command  
  31  4:41  Marine  
  31  4:42  Marine  
  31  4:44  Supply Depot  
  33  4:45  Supply Depot  
  33  4:47  SCV  
  33  4:49  Marine  
  35  4:56  Marine  
  35  4:59  Marine  
  37  5:03  Marine x2  
  39  5:07  Command Center  
  39  5:08  Barracks Reactor  
  39  5:12  Stimpack  
  38  5:14  Marine x2  
  38  5:19  SCV x2  
  38  5:20  Marine  
  43  5:29  Marine x2  
  43  5:31  SCV  
  43  5:33  Factory  
  43  5:34  SCV  
  47  5:45  Marine  
  47  5:46  Marine  
  49  5:54  Marine x3  
  52  5:58  SCV x2  
  54  6:08  Supply Depot  
  54  6:10  SCV  
  55  6:12  Marine x2  
  55  6:14  SCV  
  58  6:19  Orbital Command  
  58  6:22  Starport, SCV  
  58  6:25  Refinery  
  59  6:26  SCV  
  59  6:28  Refinery  
  60  6:35  SCV  
  61  6:40  Engineering Bay  
  61  6:41  Marine  
  61  6:42  Marine x2  
  61  6:44  Engineering Bay  
  64  6:48  SCV x3  
  64  6:54  Factory Tech Lab  
  54  7:09  Liberator  
  53  7:25  Orbital Command  
  53  7:27  Siege Tank  
  54  7:39  Marine x4  
  45  9:01  Marine x2  
  47  9:04  Raven  
  47  9:05  Factory Tech Lab  
  49  9:25  Siege Tank  
  52  9:34  Missile Turret  
Tags
 
Add a new tag
Caveats
  • Supply blocks, unpowered buildings, or Contaminate may cause inaccurate times.
  • Supply counts are checked every 10 seconds.